Map: Orbital Shipyard

Players

Lambo

  • Race: Zerg Zerg
  • League: Grandmaster

Reynor - Winner!

  • Race: Zerg Zerg
  • League: Grandmaster

Event: DreamHack ROCCAT LotV Championship

VOD

Have the link to the VOD?

Description

Time

  • Played on: Nov. 26, 2015, 8:03 a.m.
  • Length: 7:09

All games in this series

Show
View Real Time Build Order
Export as new Build Order

Lambo Zerg 

Build Orders: Hatch First 

Get SALT Encoding   

  12  0:01  Drone  
  13  0:12  Overlord  
  13  0:17  Drone  
  14  0:30  Drone x2  
  14  0:35  Drone  
  17  0:51  Hatchery  
  17  0:54  Drone  
  17  1:07  Spawning Pool  
  17  1:08  Extractor  
  15  1:12  Drone  
  15  1:15  Drone  
  17  1:19  Drone  
  18  1:28  Drone  
  19  1:40  Overlord  
  19  1:50  Drone  
  19  1:54  Queen  
  20  2:00  Zergling x2  
  23  2:03  Queen  
  23  2:04  Drone  
  26  2:10  Metabolic Boost  
  26  2:11  Drone  
  26  2:14  Drone  
  29  2:22  Zergling x2  
  29  2:27  Overlord  
  29  2:36  Drone  
  29  2:37  Drone  
  31  2:51  Roach Warren  
  30  2:53  Zergling x4  
  30  2:57  Spine Crawler  
  31  3:02  Zergling x4  
  31  3:03  Zergling x6  
  35  3:12  Overlord  
  33  3:40  Roach x6  
  44  3:52  Roach  
  46  3:57  Roach  
  46  3:58  Hatchery  
  47  4:07  Overlord  
  47  4:08  Overlord  
  45  4:15  Roach  
  47  4:22  Roach  
  49  4:29  Roach, Zergling x8  
  54  4:40  Zergling x4  
  54  4:41  Zergling x6  
  56  4:52  Baneling Nest, Zergling x4  
  57  4:56  Zergling x2  
  58  5:00  Zergling x2  
  58  5:05  Zergling x2  
  59  5:08  Zergling x4  
  60  5:18  Zergling x6  
  62  5:26  Zergling x4  
  48  5:37  Zergling x6  
  46  5:44  Zergling x6  
  47  5:52  Zergling x4  
  49  6:02  Zergling x6  
  40  6:10  Zergling x2  
  34  6:16  Zergling x4  
  33  6:22  Baneling x2  
  32  6:29  Baneling x5  
  32  6:38  Zergling x4  
  34  6:42  Baneling  
  34  6:48  Zergling x6  
Show
View Real Time Build Order
Export as new Build Order

Reynor Zerg - Winner!

Build Orders: Pool First 

Get SALT Encoding   

  12  0:01  Drone  
  13  0:12  Overlord  
  13  0:17  Drone  
  14  0:25  Drone, Extractor  
  15  0:30  Drone  
  15  0:34  Drone  
  17  0:37  Extractor  
  16  0:49  Spawning Pool  
  15  0:50  Drone  
  15  0:56  Drone  
  17  1:07  Drone  
  18  1:17  Drone  
  19  1:26  Hatchery  
  19  1:32  Drone  
  19  1:39  Queen  
  21  1:46  Overlord  
  21  1:51  Zergling x2  
  22  1:54  Metabolic Boost  
  22  2:04  Baneling Nest  
  22  2:06  Zergling x2  
  22  2:10  Zergling x2  
  23  2:20  Queen  
  23  2:22  Zergling x2  
  26  2:32  Overlord  
  26  2:38  Zergling x2  
  26  2:43  Drone  
  28  2:46  Zergling x2  
  28  2:47  Zergling x4  
  28  2:48  Drone  
  32  2:57  Drone  
  33  3:01  Drone  
  33  3:07  Zergling x2  
  33  3:10  Queen  
  36  3:15  Drone  
  36  3:17  Baneling x2  
  36  3:18  Drone  
  38  3:23  Overlord  
  37  3:28  Drone  
  38  3:37  Zergling x2  
  38  3:40  Drone  
  38  3:41  Drone x2  
  41  3:42  Zergling x2  
  41  3:43  Drone, Zergling x4  
  41  3:47  Drone  
  46  3:54  Baneling  
  46  3:55  Lair  
  46  4:08  Drone x6  
  51  4:14  Overlord  
  51  4:19  Overlord  
  51  4:22  Extractor  
  51  4:23  Extractor  
  49  4:29  Spine Crawler  
  49  4:30  Zergling x4  
  49  4:31  Zergling x4  
  51  4:33  Drone x2  
  51  4:37  Zergling x2  
  51  4:38  Spine Crawler  
  53  4:39  Zergling x2  
  53  4:40  Drone  
  53  4:42  Zergling x2  
  53  4:44  Drone  
  57  4:49  Extractor  
  56  4:53  Zergling x2  
  56  4:57  Zergling x2  
  56  4:59  Drone, Spire  
  58  5:02  Drone  
  58  5:04  Drone  
  60  5:08  Zergling x4  
  60  5:09  Baneling  
  60  5:10  Baneling  
  60  5:13  Zergling x2  
  62  5:17  Zergling x4  
  62  5:20  Zergling x2  
  62  5:21  Zergling x2  
  66  5:28  Zergling x6  
  63  5:32  Zergling x4  
  59  5:35  Zergling x2  
  59  5:36  Zergling x4  
  59  5:41  Queen  
  60  5:44  Zergling x4  
  56  5:52  Queen  
  56  5:54  Zergling x4  
  59  6:03  Baneling, Zergling x2  
  59  6:04  Zergling x2  
  49  6:14  Mutalisk x2  
  49  6:17  Queen  
  53  6:21  Baneling  
  53  6:24  Mutalisk  
  55  6:34  Mutalisk  
  55  6:37  Mutalisk  

Tags
 
Add a new tag
Caveats
  • Supply blocks, unpowered buildings, or Contaminate may cause inaccurate times.
  • Supply counts are checked every 10 seconds.